 Dungeon Crawl Stone Soup version 0.27-a0-1202-ge72e49191c (webtiles) character file.

Game seed: 2264464437562383466

35 deadmanwalking the Sneak (level 3, -3/28 HPs)
             Began as a Vampire Delver on June 4, 2021.
             Slain by an elf zombie (7 damage)
             ... in an ossuary.
             The game lasted 00:02:25 (260 turns).

deadmanwalking the Sneak (Vampire Delver)            Turns: 260, Time: 00:02:25

Health: -3/28      AC:  3    Str: 11    XL:     3   Next: 17%
Magic:  3/3        EV: 12    Int: 13    God:
Gold:   7          SH:  0    Dex: 15    Spells: 2/3 levels left

rFire    . . .     SeeInvis +   a - +0 short sword
rCold    . . .     Faith    .   (no shield)
rNeg     . . .     Spirit   .   b - +0 leather armour
rPois    .         Reflect  .   (no helmet)
rElec    .         Harm     .   (no cloak)
rCorr    .         Rampage  .   (no gloves)
Will     .....                  (no boots)
Stlth    ++++......             (no amulet)
HPRegen  0.29/turn              (no ring)
MPRegen  0.08/turn              (no ring)

@: healing quickly
A: alive, fangs 3, see invisible, vampiric 2
a: Exsanguinate


You were in an ossuary.
You visited 1 branch of the dungeon, and saw 1 of its levels.
You also visited: Ossuary.

You collected 7 gold pieces.

Inventory:

Hand Weapons
 a - a +0 short sword (weapon)
Armour
 b - a +0 leather armour (worn)
Wands
 g - a wand of digging (3)
Scrolls
 c - 2 scrolls of fog
 e - a scroll of fear
Potions
 f - a potion of haste


   Skills:
 - Level 2.8 Fighting
 + Level 2.5 Short Blades
 - Level 0.5 Armour
 - Level 2.2 Dodging
 + Level 7.9 Stealth
 + Level 0.5 Spellcasting
 + Level 0.7 Necromancy


You had 2 spell levels left.
You knew the following spells:

 Your Spells              Type           Power      Damage    Failure   Level
a - Animate Skeleton      Necr           4%         N/A       28%         1

Your spell library contained the following spells:

 Spells                   Type           Power      Damage    Failure   Level
 Apportation              Tloc           0%         N/A       36%         1
 Corona                   Hex            0%         N/A       36%         1
 Summon Small Mammal      Summ           0%         N/A       36%         1


Dungeon Overview and Level Annotations

Branches:
Dungeon (5/15)            Ossuary (1/1)
 Temple: D:4-7

Altars:


Innate Abilities, Weirdness & Mutations

Your natural rate of healing is accelerated.
You have razor-sharp teeth.
You have supernaturally acute eyesight. (SInv)
You are afflicted with vampirism and can become a bat while bloodless.


Message History

The elf zombie is moderately damaged.
The elf zombie hits you.
You hit the elf zombie.
You bite the elf zombie, but do no damage.
The elf zombie is heavily damaged.
The elf zombie hits you.
You hit the elf zombie but do no damage.
The elf zombie is heavily damaged.
You hit the elf zombie.
The elf zombie is heavily damaged.
The elf zombie barely misses you.
You hit the elf zombie. You bite the elf zombie.
The elf zombie is severely damaged.
The elf zombie misses you.
You hit the elf zombie.
You bite the elf zombie, but do no damage.
The elf zombie is severely damaged.
The elf zombie barely misses you.
You closely miss the elf zombie.
The elf zombie is severely damaged.
You hit the elf zombie but do no damage.
The elf zombie is severely damaged.
The elf zombie hits you.
You hit the elf zombie.
The elf zombie is severely damaged.
The elf zombie hits you.
* * * LOW HITPOINT WARNING * * *
You hit the elf zombie. Your bite misses the elf zombie.
The elf zombie is severely damaged.
The elf zombie hits you.
* * * LOW HITPOINT WARNING * * *
You hit the elf zombie.
The elf zombie is severely damaged.
You hit the elf zombie.
The elf zombie is almost destroyed.
The elf zombie barely misses you.
You hit the elf zombie.
The elf zombie is almost destroyed.
The elf zombie hits you!
You die...

###################
..................#
..................#
.#+#......###....#
##....## ##...#
#....# #Z..# #.Z..#
#@..# ##..## ##..#
#..# #..# #..# #.∩#
#..# #..# #..# #..#
#.Z# #.∩# #..# #..#
#..#


You could see an elf zombie.

Vanquished Creatures
  A hound zombie (Ossuary)
  A hound skeleton (D:5)
  An adder zombie (Ossuary)
  A gnoll zombie (Ossuary)
  3 kobold zombies (Ossuary)
  A quokka zombie (Ossuary)
  A rat zombie (Ossuary)
9 creatures vanquished.

Notes
Turn   | Place    | Note
-------+----------+-------------------------------------------
     0 | D:5      | deadmanwalking the Vampire Delver began the quest for the
                  | Orb.
     0 | D:5      | Reached XP level 1. HP: 17/17 MP: 1/1
    23 | D:5      | Reached XP level 2. HP: 19/23 MP: 2/2
    30 | D:5      | Found a sand-covered staircase.
    36 | Ossuary  | Entered an ossuary
    63 | Ossuary  | Learned a level 1 spell: Animate Skeleton
   101 | Ossuary  | Gained mutation: You are afflicted with vampirism and can
                  | become a bat while bloodless. [Vampire growth]
   101 | Ossuary  | Reached XP level 3. HP: 14/28 MP: 3/3
   260 | Ossuary  | Slain by an elf zombie

Illustrated notes

Levels and vault maps discovered:
D:5:      layout_rooms, overflow_temple_1_default, enter_ossuary_1
Ossuary:  minmay_ossuary_two_tombs

Action                   || total
-------------------------++-------
Melee: Short sword       ||    77
       Bite              ||    13
  Use: Scroll            ||     1
 Stab: Sleeping          ||     2
Armor: Leather armour    ||    18
Dodge: Dodged            ||    40

Table legend: (Time is in decaauts)
 A = Elapsed time spent in this place.
 B = Non-inter-level travel time spent in this place.
 C = Inter-level travel time spent in this place.
 D = Time resting spent in this place.
 E = Time spent auto-exploring this place.
 F = Levels seen in this place.
 G = Mean time per level.
                   A        B        C        D        E       F      G
               +--------+--------+--------+--------+--------+-----+--------+
         Total |    258 |    258 |      0 |     65 |      0 |   2 |  129.0 |
       Dungeon |     35 |     35 |      0 |      0 |      0 |   1 |   35.0 |
       Ossuary |    222 |    222 |      0 |     65 |      0 |   1 |  222.0 |
               +--------+--------+--------+--------+--------+-----+--------+

Top non-repeatable levels by time:
 Ossuary: 222 daAuts
     D:5: 35 daAuts
